 Dungeon Crawl Stone Soup version 0.19.0-19-g8c6edcc (webtiles) character file.

401 TheDragonKing the Shield-Bearer (level 6, 0/47 HPs)
             Began as a Demonspawn Fighter on Nov 14, 2016.
             Slain by Kloppie's ghost (9 damage)
             ... on level 4 of the Dungeon.
             The game lasted 00:07:21 (3277 turns).

TheDragonKing the Shield-Bearer (DsFi)              Turns: 3277, Time: 00:07:22

Health: 0/47       AC: 10    Str: 19    XL:     6   Next: 54%
Magic:  6/6        EV:  9    Int:  9    God:
Gold:   186        SH:  0    Dex: 12    Spells: 0 memorised, 5 levels left

rFire  . . .     SeeInvis .     a - +0 long sword
rCold  . . .     Gourm    .     q - +0 chain mail (curse)
rNeg   . . .     Faith    .     (no shield)
rPois  .         Spirit   .     (no helmet)
rElec  .         Reflect  .     g - +0 cloak
rCorr  .         Harm     .     (no gloves)
MR     .....                    (no boots)
Stlth  ..........               (no amulet)
                                (no ring)
                                b - +4 ring of slaying

@: no status effects
A: claws 1, repulsion field 1
a: no special abilities


You were on level 4 of the Dungeon.
You were not hungry.

You visited 1 branch of the dungeon, and saw 4 of its levels.

You collected 186 gold pieces.

Inventory:

Hand Weapons
 a - a +0 long sword (weapon)
Armour
 c - a +0 shield
 g - a +0 cloak (worn)
 q - a cursed +0 chain mail (worn)
Jewellery
 b - a +4 ring of slaying (left claw)
Scrolls
 h - 2 scrolls of recharging {unknown}
 i - 2 scrolls of noise {unknown}
 n - 3 scrolls of remove curse {unknown}
 p - 2 scrolls of identify {unknown}
 r - 2 scrolls of fog {unknown}
 s - a scroll of teleportation {unknown}
Potions
 e - a potion of degeneration {unknown}
 k - 4 potions of curing {unknown}
 l - a potion of haste {unknown}
 m - 2 potions of ambrosia {unknown}
Comestibles
 f - 3 bread rations
 j - 8 fruits
 o - a beef jerky


   Skills:
 - Level 3.0 Fighting
 - Level 1.7 Long Blades
 - Level 2.6 Armour
 + Level 6.8 Shields


You had 5 spell levels left.
You didn't know any spells.

Dungeon Overview and Level Annotations

Branches:
Dungeon (4/15)
 Temple: D:4-7

Altars:
Ru

Annotations:
D:4 Kloppie's ghost, amateur DsBe


Innate Abilities, Weirdness & Mutations

You have sharp fingernails.
You are surrounded by a mild repulsion field. (EV +2)


Message History

Kloppie's ghost is severely damaged.
Kloppie's ghost hits you but does no damage.
You hit Kloppie's ghost but do no damage.
Kloppie's ghost is severely damaged.
Kloppie's ghost hits you. x2
You hit Kloppie's ghost.
Kloppie's ghost is severely damaged.
Kloppie's ghost hits you but does no damage.
You hit Kloppie's ghost.
Kloppie's ghost is almost destroyed.
Kloppie's ghost barely misses you.
You riposte.
Your chain mail prevents you from hitting Kloppie's ghost.
Kloppie's ghost is almost destroyed.
Your chain mail prevents you from hitting Kloppie's ghost.
Kloppie's ghost is almost destroyed.
The hound pauses to sniff the ground.
Kloppie's ghost hits you!
* * * LOW HITPOINT WARNING * * *
Kloppie's ghost hits you!
You die...

#.[..# ####.#'#.#.#
#)†..# #.#.#.#.#
.....# #.#.#.#.#
#.#### #.#.#.#.# #.#
#.#.#.#.# #'####
#.....<..
.....#############..
.....'...........#
.....###########@#
.....# #W# ..[.##
.h# ##### .... #.###
#. .. .#


You could see a hound and Kloppie's ghost.

Vanquished Creatures
  An ogre (D:4)
  3 orc priests
  An orc wizard (D:4)
  A worker ant (D:3)
  9 adders
  2 gnolls (D:3)
  2 worms (D:2)
  4 dart slugs
  4 leopard geckos
  4 orcs
  3 giant cockroaches
  7 hobgoblins
  2 jackals (D:4)
  4 kobolds
  A quokka (D:4)
  3 bats
  3 frilled lizards
  8 goblins
  5 rats
67 creatures vanquished.

Notes
Turn   | Place    | Note
-------+----------+-------------------------------------------
     0 | D:1      | TheDragonKing the Demonspawn Fighter began the quest for the Orb.
     0 | D:1      | Reached XP level 1. HP: 18/18 MP: 1/1
    99 | D:1      | Reached skill level 3 in Shields
   135 | D:1      | Gained mutation: You are surrounded by a mild repulsion field. (EV +2) [demonic ancestry]
   135 | D:1      | Reached XP level 2. HP: 19/24 MP: 2/2
   699 | D:2      | Reached XP level 3. HP: 16/29 MP: 3/3
   908 | D:2      | Reached skill level 4 in Shields
  1705 | D:2      | Gained mutation: You have sharp fingernails. [demonic ancestry]
  1705 | D:2      | Reached XP level 4. HP: 35/35 MP: 4/4
  1762 | D:2      | Found a sacrificial altar of Ru.
  2055 | D:3      | Reached skill level 5 in Shields
  2304 | D:3      | Reached XP level 5. HP: 29/41 MP: 5/5
  2762 | D:4      | Noticed an ogre
  2774 | D:4      | Killed an ogre
  2774 | D:4      | Reached skill level 6 in Shields
  2774 | D:4      | Reached XP level 6. HP: 14/47 MP: 6/6
  3256 | D:4      | Noticed Kloppie's ghost (amateur DsBe)
  3277 | D:4      | Slain by Kloppie's ghost

Skill      XL: |  1  2  3  4  5 |
---------------+----------------+-----
Shields        | 3 4 5 6 |  6.8
Fighting       | |  3.0
Long Blades    | |  1.7
Armour         | |  2.6

Action                   |  1- 3 |  4- 6 || total
-------------------------+-------+-------++-------
Melee: Long sword        |   115 |   164 ||   279
  Use: Potion            |       |     1 ||     1
  Eat: Bread ration      |     1 |     1 ||     2
       Beef jerky        |       |     1 ||     1
Armor: Scale mail        |    38 |       ||    38
       Chain mail        |    33 |   113 ||   146
Dodge: Dodged            |    54 |    95 ||   149
       Rpst.: Long sword |    19 |    30 ||    49
